 Dungeon Crawl Stone Soup version 0.23-a0-642-g3120c2f (webtiles) character file.

119 TheGoonsmith the Chopper (level 5, -2/44 HPs)
             Began as a Formicid Abyssal Knight on Dec 31, 2018.
             Was a Believer of Lugonu.
             Killed by divine providence
             ... invoked by an orc priest
              (10 damage)
             ... on level 3 of the Dungeon.
             The game lasted 00:04:12 (2522 turns).

TheGoonsmith the Chopper (Formicid Abyssal Knight)  Turns: 2522, Time: 00:04:12

Health: -2/44      AC:  9    Str: 17    XL:     5   Next: 23%
Magic:  6/6        EV:  7    Int: 12    God:    Lugonu [**....]
Gold:   64         SH:  3    Dex: 10    Spells: 4/4 levels left

rFire    . . .     SeeInvis +   a - +1 hand axe
rCold    . . .     Gourm    .   d - +0 buckler
rNeg     . . .     Faith    .   m - +0 chain mail
rPois    .         Spirit   .   (helmet unavailable)
rElec    .         Reflect  .   (no cloak)
rCorr    .         Harm     .   (no gloves)
MR       .....                  (no boots)
Stlth    ..........             (no amulet)
HPRegen  0.14/turn              (no ring)
MPRegen  0.10/turn              (no ring)

@: no status effects
A: permanent stasis, dig shafts and tunnels, four strong arms, antennae 3
a: Dig, Shaft Self, Depart the Abyss, Bend Space, Renounce Religion


You were on level 3 of the Dungeon.
You worshipped Lugonu.
Lugonu was pleased with you.
You were not hungry.

You visited 1 branch of the dungeon, and saw 3 of its levels.
You visited the Abyss 1 time.

You collected 64 gold pieces.

Inventory:

Hand Weapons
 a - a +1 hand axe (weapon)
Armour
 b - a +0 leather armour
 d - a +0 buckler (worn)
 m - a +0 chain mail (worn)
Jewellery
 l - an uncursed ring of resist corrosion {unknown}
Scrolls
 i - a scroll of enchant weapon {unknown}
 j - a scroll of blinking {unknown}
 k - a scroll of remove curse {unknown}
 n - 4 scrolls of identify {unknown}
Potions
 e - a potion of cancellation {unknown}
 f - a potion of lignification {unknown}
 g - a potion of invisibility {unknown}
 h - a potion of flight {unknown}
Comestibles
 c - 3 rations
 o - 3 chunks of flesh


   Skills:
 - Level 5.2 Fighting
 * Level 5.9 Axes
 + Level 4.7 Armour
 - Level 0.8 Dodging
 + Level 1.1 Shields
 - Level 2.1 Invocations


You had 4 spell levels left.
You didn't know any spells.
Your spell library was empty.

Dungeon Overview and Level Annotations

Branches:
Dungeon (3/15)

Altars:
Ashenzari


Innate Abilities, Weirdness & Mutations

You cannot be hasted, slowed, berserked, paralysed or teleported.
You can dig through walls and to a lower floor.
Your four strong arms can wield two-handed weapons with a shield.
You have a pair of large antennae on your head. (SInv)


Message History

The orc moves out of view.
The orc priest moves out of view.
The bat moves out of view.
The orc priest mumbles some strange prayers to Beogh against you.
Beogh smites you!
You slash the orc wizard!
The orc wizard is severely wounded.
The orc priest calls down the wrath of Beogh upon you.
Beogh smites you!
You are too injured to fight recklessly!
The orc wizard gestures wildly while chanting.
The orc wizard seems to speed up.
The orc wizard begins to cast a cantrip, but forgets the words!
The orc priest invokes the aid of Beogh against you.
Beogh smites you!
* * * LOW HITPOINT WARNING * * *
The bat hits you but does no damage. The bat hits you but does no damage. x2
The orc priest mumbles some strange prayers to Beogh against you.
Beogh smites you!
You die...

#............#
####.#..........#
###..............(#
#.................#
#..###.##.......รท##
#..##..# .........#
#..#..##
.........### #..#.##
..........<. #..#@#
....<....... ##..b.#
............ #.oo.##
>..........) #..###
............ . ##.r#
.........^..
....#.o.#
#####......
.......r# #......
....(......#
....#.......#


You could see an orc priest, an orc wizard, an orc, a quokka and a bat.

Vanquished Creatures
  Robin (D:2)
  2 adders (D:2)
  3 gnolls
  3 dart slugs
  A leopard gecko (D:1)
  2 giant cockroaches (D:2)
  6 goblins
  5 hobgoblins
  3 quokkas (D:2)
  A ball python (D:3)
  8 bats
  4 frilled lizards (D:2)
  2 kobolds (D:2)
  5 rats
46 creatures vanquished.

Notes
Turn   | Place    | Note
-------+----------+-------------------------------------------
     0 | Abyss:1  | TheGoonsmith the Formicid Abyssal Knight began the quest
                  | for the Orb.
     0 | Abyss:1  | Reached XP level 1. HP: 18/18 MP: 2/2
     9 | D:1      | Escaped the Abyss
   131 | D:1      | Reached skill level 5 in Fighting
   131 | D:1      | Reached skill level 5 in Axes
   131 | D:1      | Reached XP level 2. HP: 2/27 MP: 3/3
   135 | D:1      | HP: 1/27 [goblin (2)]
   577 | D:1      | Reached XP level 3. HP: 16/33 MP: 4/4
  1229 | D:2      | Noticed Robin
  1248 | D:2      | Killed Robin
  1292 | D:2      | Reached XP level 4. HP: 11/39 MP: 5/5
  1446 | D:2      | Reached ** piety under Lugonu
  1837 | D:2      | Reached skill level 1 in Shields
  2173 | D:2      | Reached XP level 5. HP: 36/44 MP: 6/6
  2310 | D:2      | Found a shattered altar of Ashenzari.
  2522 | D:3      | Killed from afar by an orc priest

Vault maps used:
D:1:      wander_arrival_lonely_grave
D:2:      ashenzari_altar_1, uniq_robin
D:3:      chequers_serial_rivers_micro_b

Skill      XL: |  1  2  3  4 |
---------------+-------------+-----
Fighting       | 5 |  5.2
Axes           | 5 |  5.9
Armour         | 4 |  4.7
Shields        | 1 |  1.1
Dodging        | |  0.8
Invocations    | |  2.1

Action                   |  1- 3 |  4- 6 || total
-------------------------+-------+-------++-------
Melee: Hand axe          |    77 |    87 ||   164
 Abil: Dig               |     1 |       ||     1
  Use: Potion            |     1 |       ||     1
  Eat: Chunk             |       |     5 ||     5
Armor: Leather armour    |    20 |     6 ||    26
       Chain mail        |       |    25 ||    25
Dodge: Dodged            |    35 |    39 ||    74
Block: Buckler           |    11 |     9 ||    20

Table legend:
 A = Non-vault XP
 B = Vault XP
 C = Vault XP percentage of total XP
 D = Non-vault monster count
 E = Vault monster count
 F = Vault count percentage of total count
                 A         B        C        D         E       F
            +---------+---------+-------+---------+---------+-------
      Total |     131 |      26 |  16.6 |      39 |       7 |  15.2
            +---------+---------+-------+---------+---------+-------
        D:1 |      39 |       0 |   0.0 |      12 |       0 |   0.0
        D:2 |      89 |      26 |  22.6 |      25 |       7 |  21.9
        D:3 |       3 |       0 |   0.0 |       2 |       0 |   0.0
            +---------+---------+-------+---------+---------+-------
